 Dungeon Sprint DCSS version 0.29.1-2-gbd0b4ee654 (webtiles) character file.

Game seed: 4797511613627327954

6248 Zeld the Severer (level 10, -2/154 HPs)
             Began as a Minotaur Berserker on Oct 24, 2022.
             Was a High Priest of Trog.
             Slain by a deep troll (9 damage)
             ... in the Dungeon (Sprint I: "Red Sonja").
             The game lasted 00:02:31 (2123 turns).

Zeld the Severer (Minotaur Berserker)               Turns: 2123, Time: 00:02:31

Health: -2/154     AC:  3    Str: 25    XL:     10   Next: 62%
Magic:  9/9        EV: 17    Int:  4    God:    Trog [*****.]
Gold:   959        SH:  0    Dex: 11    Spells: 9/9 levels left

rFire   . . .      SeeInvis .   a - +5 executioner's axe (flame)
rCold   . . .      Faith    .   (shield currently unavailable)
rNeg    . . .      Spirit   .   b - +0 animal skin
rPois   .          Reflect  .   (helmet restricted)
rElec   .          Harm     .   (no cloak)
rCorr   .          Rampage  .   (no gloves)
Will    .....      NoTele   +   (no boots)
Stlth   ..........              (no amulet)
HPRegen 0.35/turn               (no ring)
MPRegen 0.11/turn               (no ring)

@: berserking, lethally poisoned (-2 -> -16), slowed
A: horns 2, retaliatory headbutt
a: Renounce Religion, Berserk, Trog's Hand, Brothers in Arms


You were in the Dungeon.
You worshipped Trog.
Trog was extremely pleased with you.
You visited 1 branch You collected 959 gold pieces.

Inventory:

Hand Weapons
 a - a +5 executioner's axe of flaming (weapon)
Armour
 b - a +0 animal skin (worn)
Wands
 i - a wand of polymorph (2)
Scrolls
 c - a scroll of magic mapping {unknown}
 h - a scroll of blinking
 j - a scroll of identify {unknown}
Potions
 e - a potion of haste
 f - 2 potions of magic
 g - a potion of berserk rage


   Skills:
 + Level 14.2 Fighting
 * Level 19.2 Axes
 + Level 13.9 Armour
 + Level 12.9 Dodging


You had 9 spell levels left.
You didn't know any spells.
Your spell library was empty.

Dungeon Overview and Level Annotations

Branches:
Dungeon (1/1)

Altars:
Cheibriados
Dithmenos
Elyvilon
Fedhas
Gozag
Hepliaklqana
Kikubaaqudgha
Makhleb
Nemelex Xobeh
Okawaru
Qazlal
Ru
Sif Muna
Trog
Uskayaw
Vehumet
Wu Jian
Xom
Yredelemnul
Zin
The Shining One
Jiyva
Lugonu

Shops:
D [

Annotations:
D exclusion: door, Sonja


Innate Abilities, Weirdness & Mutations

You have a pair of horns on your head.
You reflexively headbutt those who attack you in melee.


Message History

The deep troll claws you!
Unknown command.
There is an ornate altar of the Wu Jian Council here.
Sonja zaps a wand.
You easily resist.
The deep troll closely misses you. The deep troll claws you.
* * * LOW HITPOINT WARNING * * *
The deep troll claws you!
* * * LOW HITPOINT WARNING * * *
There is a shimmering blue altar of Sif Muna, spattered with blood here.
Unknown command.
Press < or > to pray at altars.
Unknown command.
Press < or > to pray at altars.
You are too confused!
Unknown command.
Press < or > to pray at altars.
Okay, then.
Okay, then.
You are too confused!
Okay, then.
Okay, then.
You feel less confused.
Sonja zaps a wand.
You easily resist.
The deep troll closely misses you. The deep troll claws you.
* * * LOW HITPOINT WARNING * * *
The deep troll barely misses you.
Sonja drinks a potion.
Sonja flickers and vanishes!
Deactivating autopickup; reactivate with Ctrl-A.
You don't know any spells.
A red film seems to cover your vision as you go berserk!
You feel yourself moving faster!
You feel mighty!
A curare-tipped dart appears from out of thin air!
The curare-tipped dart hits you.
You are poisoned.
You have difficulty breathing.
* * * LOW HITPOINT WARNING * * *
You feel yourself slow down. The deep troll bites you.
* * * LOW HITPOINT WARNING * * *
The deep troll claws you!
You die...

##############################
#<.#..)..#.)'..#__#..'...#))#§
#..').#..'..#..'..'..#).)##)#§
#..#####'#####'#__####...'..#§
#..####..#...#.####§§#####..§§
#..#__####..##)#~§§.§# #+###
#..#____{##'#_T'§§§§.' #...
#⌠⌠#_.∩...'..@_#~§~..# #..○.
##.#_..__##_.#'##§#### ###.°°
#..#_____###'#.# ... .○○
########## #.### ### .○# ..
..# .. ##. #'


You could see a deep troll.

Vanquished Creatures
  A hydra (D)
  A centaur warrior (D)
  A lindwurm (D)
  2 kobold demonologists (D)
  4 demonic crawlers (D)
  A slime creature (D)
  A hornet (D)
  Sigmund (D)
  A yak (D)
  13 hogs (D)
  2 floating eyes (D)
  An ogre (D)
  A jelly (D)
  Ijyb (D)
31 creatures vanquished.

Vanquished Creatures (collateral kills)
  A gargoyle (D)
1 creature vanquished.

Vanquished Creatures (others)
  A gargoyle (D)
  2 ballistomycete spores (D)
3 creatures vanquished.

Grand Total: 35 creatures vanquished

Notes
Turn   | Place    | Note
-------+----------+-------------------------------------------
     0 | D        | Zeld the Minotaur Berserker began the quest for the Orb.
     0 | D        | Reached XP level 1. HP: 19/19 MP: 0/0
     1 | D        | Noticed Ijyb
     7 | D        | Killed Ijyb
     8 | D        | Reached skill level 5 in Axes
     8 | D        | Reached XP level 2. HP: 28/28 MP: 1/1
    44 | D        | Noticed an ogre
    49 | D        | Killed an ogre
    50 | D        | Reached skill level 7 in Axes
    50 | D        | Reached skill level 5 in Armour
    50 | D        | Reached XP level 3. HP: 37/37 MP: 2/2
    50 | D        | Reached XP level 4. HP: 44/44 MP: 3/3
   102 | D        | Noticed Sigmund
   111 | D        | Killed Sigmund
   111 | D        | Reached ** piety under Trog
   112 | D        | Reached skill level 10 in Axes
   112 | D        | Reached XP level 5. HP: 52/52 MP: 4/4
   213 | D        | Found an ornate altar of the Wu Jian Council.
   213 | D        | Found a shimmering blue altar of Sif Muna.
   215 | D        | Found a radiant altar of Vehumet.
   219 | D        | Reached XP level 6. HP: 61/61 MP: 5/5
   357 | D        | Found Zevoatue's Antique Armour Emporium.
   357 | D        | Found an ancient bone altar of Kikubaaqudgha.
   357 | D        | Found a hazy altar of Hepliaklqana.
   357 | D        | Found a hide-covered altar of Uskayaw.
   357 | D        | Found a basalt altar of Yredelemnul.
   357 | D        | Found an opulent altar of Gozag.
   357 | D        | Found a snail-covered altar of Cheibriados.
   357 | D        | Found a sacrificial altar of Ru.
   357 | D        | Found a shadowy altar of Dithmenos.
   357 | D        | Noticed a yak
   362 | D        | Found a stormy altar of Qazlal.
   362 | D        | Found a blossoming altar of Fedhas.
   362 | D        | Found a bloodstained altar of Trog.
   362 | D        | Found an iron altar of Okawaru.
   362 | D        | Found a glowing golden altar of the Shining One.
   362 | D        | Found a glowing silver altar of Zin.
   362 | D        | Found a white marble altar of Elyvilon.
   366 | D        | Killed a yak
   367 | D        | Reached skill level 11 in Axes
   368 | D        | Found a sparkling altar of Nemelex Xobeh.
   486 | D        | Found a burning altar of Makhleb.
   486 | D        | Found a viscous altar of Jiyva.
   486 | D        | Found a shimmering altar of Xom.
   486 | D        | Found a corrupted altar of Lugonu.
   486 | D        | Noticed a slime creature
   493 | D        | Killed a slime creature
   494 | D        | Reached skill level 12 in Axes
   494 | D        | Reached XP level 7. HP: 70/70 MP: 6/6
   541 | D        | Noticed a kobold demonologist
   541 | D        | Noticed a kobold demonologist
   544 | D        | Noticed a chaos spawn
   544 | D        | Paralysed by a floating eye for 4 turns
   549 | D        | Reached *** piety under Trog
   554 | D        | Noticed a red devil
   555 | D        | Killed a kobold demonologist
   556 | D        | Reached skill level 10 in Fighting
   556 | D        | Reached skill level 13 in Axes
   562 | D        | Killed a kobold demonologist
   562 | D        | Reached **** piety under Trog
   563 | D        | Reached skill level 14 in Axes
   563 | D        | Reached skill level 10 in Armour
   563 | D        | Reached XP level 8. HP: 80/80 MP: 7/7
   744 | D        | Noticed a demonic crawler
   744 | D        | Noticed a demonic crawler
   744 | D        | Noticed a demonic crawler
   744 | D        | Noticed a demonic crawler
   750 | D        | Killed a demonic crawler
   757 | D        | Killed a demonic crawler
   757 | D        | Noticed a gargoyle
   758 | D        | Reached skill level 15 in Axes
   758 | D        | Reached skill level 10 in Dodging
   764 | D        | Killed a demonic crawler
   765 | D        | Reached XP level 9. HP: 26/89 MP: 8/8
   769 | D        | Killed a demonic crawler
   769 | D        | HP: 4/133 [gargoyle/stone arrow (13)]
   775 | D        | Killed a gargoyle
   776 | D        | Reached skill level 16 in Axes
  1080 | D        | Noticed a lindwurm
  1086 | D        | HP: 4/135 [lindwurm (5)]
  1089 | D        | Killed a lindwurm
  1178 | D        | Reached skill level 17 in Axes
  1476 | D        | Reached ***** piety under Trog
  1484 | D        | Received a gift from Trog
  1485 | D        | Reached XP level 10. HP: 101/101 MP: 9/9
  1492 | D        | Reached skill level 18 in Axes
  1496 | D        | Received a gift from Trog
  1703 | D        | Noticed a 12-headed hydra
  1708 | D        | Killed a nine-headed hydra
  1708 | D        | Paralysed by a floating eye for 3 turns
  1967 | D        | Noticed a centaur warrior
  1977 | D        | Killed a centaur warrior
  1978 | D        | Reached skill level 19 in Axes
  2084 | D        | Killed a gargoyle
  2115 | D        | Noticed Sonja
  2117 | D        | Noticed a deep troll
  2123 | D        | HP: 7/154 [deep troll (6)]
  2123 | D        | Slain by a deep troll

Illustrated notes

Levels and vault maps discovered:
D:        dungeon_sprint_1 [red_sonja_temple_1, red_sonja_temple_small_1]

Skill      XL: |  1  2  3  4  5  6  7  8  9 10 |
---------------+-------------------------------+-----
Fighting       | 4 6 7 9 10 11 13 14 | 14.2
Axes           | 5 7 10 12 14 15 17 19 | 19.2
Armour         | 3 5 7 8 10 11 12 13 | 13.9
Dodging        | 3 4 6 8 9 10 11 12 | 12.9

Action                   |  1- 3 |  4- 6 |  7- 9 | 10-12 || total
-------------------------+-------+-------+-------+-------++-------
Melee: Unarmed           |     4 |       |       |       ||     4
       Hand axe          |     4 |    22 |    60 |    17 ||   103
       Headbutt          |       |     5 |    15 |     4 ||    24
       Punch             |       |       |     1 |     1 ||     2
       Executioner's axe |       |       |       |     9 ||     9
Invok: Berserk           |     2 |     3 |     5 |     2 ||    12
       Brothers in Arms  |       |       |     1 |       ||     1
Evoke: Wand              |       |     1 |       |     1 ||     2
  Use: Potion            |       |       |     2 |       ||     2
 Stab: Confused          |       |       |       |     1 ||     1
Armor: Animal skin       |       |     2 |     7 |     4 ||    13
Dodge: Dodged            |     2 |     7 |    30 |    33 ||    72
